 Dungeon Crawl Stone Soup version 0.30-a0-800-g7c544603b3 (webtiles) character file.

Game seed: 17393465259483825396

45999 garrulousMonolith the Spear-Bearer (level 14, -4/111 HPs)
             Began as a Demonspawn Gladiator on Feb 21, 2023.
             Was a Believer of Yredelemnul.
             Slain by a skyshark (8 damage)
             ... on level 5 of the Lair of Beasts.
             The game lasted 00:23:17 (17486 turns).

garrulousMonolith the Spear-Bearer (DsGl)          Turns: 17486, Time: 00:23:18

Health: -4/111     AC: 24    Str: 16    XL:     14   Next: 3%
Magic:  23/23      EV: 21    Int: 16    God:    Yredelemnul [**....]
Gold:   1001       SH:  0    Dex: 16    Spells: 13/13 levels left

rFire   . . .      SeeInvis .    a - +1 demon trident (heavy)
rCold   . . .      Faith    +    (no shield)
rNeg    . . .      Spirit   .    p - +3 ring mail of the Farmer {*Slow rPois Int+4}
rPois   +          Reflect  .    c - +0 helmet
rElec   .          Harm     .    s - +0 cloak
rCorr   +          Rampage  .    (gloves unavailable)
Will    +....                    (no boots)
Stlth   +                        F - amulet of faith
HPRegen 0.38/turn                u - +5 ring of evasion
MPRegen 0.18/turn                P - ring of resist corrosion

@: sanguine armoured, studying Fire Magic, very slow
A: powered by pain 1, augmentation 2, sanguine armour 3, demonic touch 3
a: Renounce Religion, Recall Undead Harvest, Dark Bargain


You were on level 5 of the Lair of Beasts.
You worshipped Yredelemnul.
Yredelemnul was pleased with you.
You visited 3 branches of the dungeon, and saw 17 of its levels.

You collected 1226 gold pieces.
You spent 225 gold pieces at shops.

Inventory:

Hand Weapons
 a - a +1 heavy demon trident (weapon)
 b - a +5 trident
 i - a +0 trident of venom
 z - a +0 short sword of electrocution
 J - a +2 sling of flaming
 N - a +2 trident of freezing
Missiles
 d - 3 throwing nets (quivered)
 e - a javelin
 w - 23 poisoned darts
Armour
 c - a +0 helmet (worn)
 p - the +3 ring mail of the Farmer (worn) {*Slow rPois Int+4}
   (You found it on level 2 of the Dungeon)

   Int:       It affects your intelligence (+4).
   rPois:     It protects you from poison.
   *Slow:     It may slow you when you take damage.
 s - a +0 cloak (worn)
Jewellery
 u - a +5 ring of evasion (left hand)
 F - an amulet of faith (around neck)
 H - an amulet of guardian spirit
 K - a ring of wizardry
 O - a ring of ice
 P - a ring of resist corrosion (right hand)
 W - a ring of positive energy
Wands
 l - a wand of mindburst (3)
 t - a wand of polymorph (9)
 x - a wand of flame (46)
 B - a wand of paralysis (11)
 Q - a wand of iceblast (6)
 S - a wand of quicksilver (4)
Scrolls
 f - 4 scrolls of teleportation
 m - 3 scrolls of vulnerability
 o - a scroll of immolation
 r - 3 scrolls of fog
 y - a scroll of enchant armour
 A - 2 scrolls of amnesia
 G - 4 scrolls of magic mapping
 I - a scroll of poison
 M - 2 scrolls of noise
Potions
 g - 3 potions of resistance
 h - 3 potions of mutation
 j - 5 potions of curing
 k - 9 potions of degeneration
 n - 4 potions of haste
 q - 2 potions of lignification
 v - 2 potions of cancellation
 C - 2 potions of might
 D - a potion of ambrosia
 E - a potion of berserk rage
 R - a potion of brilliance
 U - a potion of magic


   Skills:
 + Level 10.5 Fighting
 * Level 13.5 Polearms
 - Level 4.0 Throwing
 + Level 9.2 Armour
 + Level 9.9 Dodging
 + Level 12.2 Invocations


You had 13 spell levels left.
You didn't know any spells.
Your spell library contained the following spells:

 Spells                   Type           Power      Damage    Failure   Level
 Sting                    Tmut/Pois      0%         1d3       38%         1
 Cigotuvi's Dreadful Rot  Necr/Pois/Air  0%         N/A       54%         2
 Ensorcelled Hibernation  Hex/Ice        0%         N/A       54%         2
 Poisonous Vapours        Pois/Air       0%         N/A       54%         2
 Inner Flame              Hex/Fire       0%         N/A       77%         3
 Mephitic Cloud           Conj/Pois/Air  0%         N/A       77%         3
 Spider Form              Tmut/Pois      0%         N/A       77%         3
 Anguish                  Hex/Necr       0%         N/A       99%         4
 Cause Fear               Hex            0%         N/A       99%         4
 Flame Wave               Conj/Fire      0%         2d4       99%         4
 Olgreb's Toxic Radiance  Pois           0%         N/A       99%         4
 Sticky Flame             Conj/Fire      0%         2d3       99%         4
 Dragon Form              Tmut           0%         N/A       100%        7
 Discord                  Hex            0%         N/A       100%        8
 Chain Lightning          Conj/Air       0%         N/A       100%        9
 Dragon's Call            Summ           0%         N/A       100%        9


Dungeon Overview and Level Annotations

Branches:
Dungeon (11/15)            Temple (1/1) D:6            Lair (5/5) D:10
  Swamp (0/4) Lair:3       Spider (0/4) Lair:3          Orc (0/2) D:9
  Slime: Lair:4-5

Altars:
Ashenzari
Cheibriados
Dithmenos
Fedhas
Gozag
Hepliaklqana
Kikubaaqudgha
Makhleb
Nemelex Xobeh
Okawaru
Qazlal
Ru
Sif Muna
Trog
Uskayaw
Vehumet
Wu Jian
Xom
Yredelemnul

Shops:
D:1 [   D:7 :   D:9 *   D:11 !

Annotations:
D:11 2 transporters, barkas's ghost, journeyman TrCA


Innate Abilities, Weirdness & Mutations

You sometimes gain a little power by taking damage.
Your magical and physical power is enhanced at high health.
When seriously injured, your blood forms very thick armour. (AC +12)
Your touch may irresistibly damage your foes and sap their willpower.


Message History

The skyshark tail-slaps your blink frog zombie! x2
Your yak zombie closely misses the skyshark.
Reach: a) +1 demon trident (heavy)
Press: ? - help, Dir - move target, f/p - skyshark
Aim: a skyshark (heavily wounded, berserk, not watching you, ally target, about 24% to evade your +1 heavy demon trident)
You reach to attack!
You closely miss the skyshark.
The skyshark is heavily wounded.
The skyshark barely misses your blink frog zombie.
The skyshark tail-slaps your blink frog zombie! x2
Your blink frog zombie hits the skyshark but does no damage.
Your snapping turtle zombie bites the skyshark from afar.
Reach: a) +1 demon trident (heavy)
Press: ? - help, Dir - move target, f/p - skyshark
Aim: a skyshark (heavily wounded, berserk, not watching you, ally target, about 24% to evade your +1 heavy demon trident)
You reach to attack!
Your unstable footing causes you to fumble your attack.
The skyshark bites your blink frog zombie!!
Your blink frog zombie is destroyed!
The drowned soul touches you. The drowned soul drowns you!
* * * LOW HITPOINT WARNING * * *
Your yak zombie gores the skyshark!
You hear a haunting song.
The skyshark bites your yak zombie!!
The skyshark tail-slaps your yak zombie!
The skyshark barely misses your yak zombie.
Reach: a) +1 demon trident (heavy)
Press: ? - help, Dir - move target, f/p - skyshark
Aim: a skyshark (heavily wounded, berserk, not watching you, ally target, about 24% to evade your +1 heavy demon trident)
You reach to attack!
You puncture the skyshark!
The skyshark is severely wounded.
The drowned soul touches your yak zombie.
Your snapping turtle zombie barely misses the skyshark.
Your yak zombie gores the skyshark!
Reach: a) +1 demon trident (heavy)
Press: ? - help, Dir - move target, f/p - skyshark
Aim: a skyshark (severely wounded, berserk, ally target, about 24% to evade your +1 heavy demon trident)
Your unstable footing causes you to fumble your attack.
The skyshark bites you!
You die...
Your body rises from the dead as a mindless zombie.

....................
..~~..~.~~~~~~~..~.
~#~~~##.~##~~##~~#
.~#~~##~~~#..##~~#
.~~~~~~~~~P~~~~~~~
~P~~~##~~~#P.~~~~#
~##~~.~~~~~~~.~~~~
#~~#~~~..~~~#~~~
.~~~ #8~~@ZZ~~~~~P
~~. #####lZ.##### .#
#⌠~~.#..~~~~⌠ #~~~.
#~~~~~~ #~#~~ ###~~~
P~ .~# ~~ ~m ~~~ ~ .
~~.. ~#~..


You could see a skyshark (berserk, ally target), 2 friendly yak zombies and a
friendly snapping turtle zombie.

Vanquished Creatures
  A hydra (Lair:4)
  A catoblepas (Lair:2)
  3 two-headed ogres
  4 death yaks
  A skyshark (Lair:4)
  4 skeletal warriors
  A sea snake (Lair:5)
  A deep troll (Lair:2)
  A wolf spider (Lair:3)
  2 cyclopes
  An ugly thing (D:11)
  6 elephants
  4 cane toads
  3 gargoyles
  3 unseen horrors
  Maggie (D:9)
  6 komodo dragons
  4 trolls
  A polar bear (Lair:2)
  2 hornets
  9 blink frogs
  Grinder (D:5)
  A snapping turtle (Lair:5)
  A jumping spider (Lair:3)
  2 wraiths
  29 yaks
  8 wyverns
  A basilisk (Lair:2)
  2 swamp worms (Lair:3)
  5 vampire mosquitoes
  2 acid dragons
  5 water moccasins
  Duvessa (D:7)
  4 ice beasts
  2 sky beasts (D:7)
  A black bear (Lair:3)
  2 orc warriors
  An ogre (D:5)
  6 centaurs
  A phantom (D:6)
  6 bullfrogs
  2 kobold brigands
  A necrophage (D:5)
  A gnoll sergeant (D:8)
  4 scorpions
  A wight (D:10)
  A killer bee (D:8)
  3 electric eels
  11 howler monkeys
  A gnoll bouda (D:7)
  2 hounds
  9 orc priests
  3 iguanas (D:6)
  Jessica (D:3)
  Ijyb (D:3)
  6 orc wizards
  Natasha (D:3)
  2 hell rats (D:10)
  Robin (D:3)
  17 gnolls
  7 adders
  A shadow imp (D:7)
  2 white imps (D:7)
  4 ufetubi
  2 worms
  3 dart slugs (D:2)
  31 orcs
  4 endoplasms
  2 giant cockroaches
  9 goblins
  10 hobgoblins
  4 jackals (D:3)
  18 kobolds
  A quokka (D:2)
  4 ball pythons
  3 bats
  A frilled lizard (D:1)
  3 rats
317 creatures vanquished.

Vanquished Creatures (collateral kills)
  A hydra (Lair:2)
  A two-headed ogre (D:9)
  2 death yaks
  2 skysharks
  A sea snake (Lair:5)
  An elephant (Lair:4)
  2 cane toads
  2 rime drakes
  3 komodo dragons
  10 blink frogs
  A slime creature (D:7)
  2 vampires (D:7)
  A culicivora (Lair:3)
  2 wyverns
  22 yaks
  A vampire mosquito (D:11)
  A steam dragon (D:10)
  3 water moccasins
  An ice beast (D:7)
  A black bear (Lair:3)
  3 centaurs
  2 bullfrogs
  A kobold brigand (D:8)
  2 wights (D:10)
  Dowan (D:7)
  An electric eel (Lair:1)
  A howler monkey (D:11)
  4 crimson imps (D:10)
  2 jellies (D:6)
  An orc priest (D:10)
  An iguana (D:7)
  6 gnolls
  A river rat (D:10)
  7 orcs
  4 kobolds
97 creatures vanquished.

Vanquished Creatures (others)
  A sea snake zombie (Lair:5)
  2 two-headed ogre zombies
  3 cane toad zombies
  2 elephant zombies (Lair:4)
  6 blink frog zombies
  4 vampire mosquito zombies
  A rime drake zombie (Lair:4)
  A komodo dragon zombie (D:7)
  3 wyvern zombies
  6 yak zombies
  A troll zombie (D:10)
  5 centaur zombies
  A bullfrog zombie (Lair:4)
  A scorpion zombie (D:6)
  2 ice beast zombies (D:7)
  A sky beast zombie (D:7)
  A human zombie (D:9)
  A hell rat zombie (D:10)
  6 howler monkey zombies
  An elf zombie (D:7)
  An iguana zombie (D:7)
  A jelly zombie (D:6)
  A spectral white imp (D:7)
  An adder zombie (D:6)
  5 gnoll zombies
  14 kobold zombies
  13 orc zombies
  A rat zombie (D:10)
  A spectral ufetubus (D:7)
  28 fungi
  68 plants
183 creatures vanquished.

Grand Total: 597 creatures vanquished

Notes
Turn   | Place    | Note
-------+----------+-------------------------------------------
     0 | D:1      | garrulousMonolith the Demonspawn Gladiator began the quest
                  | for the Orb.
     0 | D:1      | Reached XP level 1. HP: 16/16 MP: 1/1
    78 | D:1      | Found Houlyjugg's Antique Armour Shop.
   164 | D:1      | Gained mutation: Your touch may inflict minor irresistible
                  | damage on your foes. [demonic ancestry]
   164 | D:1      | Reached XP level 2. HP: 6/22 MP: 2/2
   363 | D:1      | Reached skill level 3 in Polearms
   629 | D:1      | Found a faded altar of an unknown god.
  1055 | D:2      | Identified the +3 ring mail of the Farmer {*Slow rPois
                  | Int+4}
  1205 | D:2      | Reached XP level 3. HP: 23/27 MP: 3/3
  1598 | D:2      | Reached skill level 1 in Armour
  1863 | D:3      | Noticed Jessica
  1870 | D:3      | Killed Jessica
  1871 | D:3      | Gained mutation: When seriously injured, your blood forms
                  | armour. (AC +12) [demonic ancestry]
  1871 | D:3      | Reached XP level 4. HP: 34/34 MP: 4/4
  2121 | D:3      | Noticed Robin
  2150 | D:3      | Killed Robin
  2313 | D:3      | Reached XP level 5. HP: 26/39 MP: 5/5
  2481 | D:3      | Noticed Ijyb
  2493 | D:3      | Killed Ijyb
  2494 | D:3      | Reached skill level 4 in Polearms
  2877 | D:3      | Noticed Natasha
  2882 | D:3      | Killed Natasha
  2883 | D:3      | Gained mutation: Your touch may inflict irresistible damage
                  | on your foes. [demonic ancestry]
  2883 | D:3      | Reached XP level 6. HP: 42/47 MP: 6/6
  3560 | D:5      | Entered Level 5 of the Dungeon
  3575 | D:5      | Noticed Grinder
  3693 | D:5      | Killed Grinder
  3694 | D:5      | Reached skill level 5 in Polearms
  3694 | D:5      | Gained mutation: You sometimes gain a little power by
                  | taking damage. [demonic ancestry]
  3694 | D:5      | Reached XP level 7. HP: 35/53 MP: 7/7
  4019 | D:5      | Identified the +7 rapier "Bekhaday" {heavy, rElec rC++
                  | rCorr Stlth-}
  4073 | D:5      | Found a burning altar of Makhleb.
  4073 | D:5      | Noticed a balrug
  4274 | D:5      | Reached XP level 8. HP: 60/60 MP: 8/8
  4499 | D:6      | Found a staircase to the Ecumenical Temple.
  4514 | Temple   | Entered the Ecumenical Temple
  4552 | Temple   | Became a worshipper of Yredelemnul the Dark
  4625 | D:6      | Reached skill level 1 in Invocations
  4711 | D:6      | Reached * piety under Yredelemnul
  4711 | D:6      | Reached skill level 6 in Polearms
  5004 | D:6      | Found a broken altar of Ashenzari.
  5393 | D:7      | Noticed a gargoyle
  5407 | D:7      | Killed a gargoyle
  5408 | D:7      | Reached skill level 5 in Fighting
  5408 | D:7      | Reached skill level 5 in Dodging
  5408 | D:7      | Reached XP level 9. HP: 43/68 MP: 11/11
  5467 | D:7      | Reached skill level 7 in Polearms
  5530 | D:7      | Noticed a komodo dragon
  5540 | D:7      | Reached skill level 5 in Invocations
  5545 | D:7      | Killed a komodo dragon
  5546 | D:7      | Reached skill level 8 in Polearms
  5546 | D:7      | Reached skill level 5 in Armour
  5552 | D:7      | Reached ** piety under Yredelemnul
  5567 | D:7      | Noticed Duvessa
  5569 | D:7      | Noticed Dowan
  5572 | D:7      | Killed Duvessa
  5573 | D:7      | Gained mutation: When seriously injured, your blood forms
                  | thick armour. (AC +12) [demonic ancestry]
  5573 | D:7      | Reached XP level 10. HP: 26/76 MP: 14/14
  5579 | D:7      | Killed Dowan
  5585 | D:7      | Reached *** piety under Yredelemnul
  5615 | D:7      | Reached **** piety under Yredelemnul
  5626 | D:7      | Reached ***** piety under Yredelemnul
  5712 | D:7      | Identified the +7 great sword of Ash {venom, rElec rPois
                  | rC- Int-3}
  5928 | D:7      | Found Zoz Betumu's Self-Improvement Boutique.
  5974 | D:7      | Your ally Dowan died
  6212 | D:7      | Got The Lost Compilation of Boris
  6217 | D:7      | Identified the +0 flail of the Priest {freeze, rN+ Dex+4}
  6348 | D:7      | Found a hide-covered altar of Uskayaw.
  6469 | D:7      | Found a hazy altar of Hepliaklqana.
  7488 | D:8      | Found a radiant altar of Vehumet.
  7607 | D:8      | Reached skill level 9 in Polearms
  7953 | D:9      | Noticed Maggie
  7963 | D:9      | Killed Maggie
  8076 | D:9      | Noticed a two-headed ogre
  8087 | D:9      | Killed a two-headed ogre
  8317 | D:9      | Noticed a cyclops
  8321 | D:9      | Your ally Maggie died
  8329 | D:9      | Killed a cyclops
  8330 | D:9      | Gained mutation: When seriously injured, your blood forms
                  | very thick armour. (AC +12) [demonic ancestry]
  8330 | D:9      | Reached XP level 11. HP: 84/84 MP: 14/16
  8438 | D:9      | Found an iron altar of Okawaru.
  8537 | D:9      | Found a staircase to the Orcish Mines.
  8554 | D:9      | Found Dugas's General Store.
  8987 | D:10     | Entered Level 10 of the Dungeon
  9057 | D:10     | Noticed a two-headed ogre
  9066 | D:10     | Killed a two-headed ogre
  9089 | D:10     | Reached skill level 10 in Polearms
  9236 | D:10     | Noticed a death yak
  9241 | D:10     | Noticed a death yak
  9245 | D:10     | Noticed a death yak
  9250 | D:10     | Killed a death yak
  9257 | D:10     | Killed a death yak
  9270 | D:10     | Killed a death yak
  9394 | D:10     | Found a staircase to the Lair.
  9430 | D:10     | Reached ****** piety under Yredelemnul
  9681 | D:10     | Found a shimmering altar of Xom.
  9746 | D:10     | Found a shadowy altar of Dithmenos.
 10089 | D:11     | Noticed a skeletal warrior
 10091 | D:11     | Noticed a skeletal warrior
 10129 | D:10     | Killed a skeletal warrior
 10334 | D:11     | Noticed a skeletal warrior
 10798 | D:11     | Found a transporter.
 10801 | D:11     | Found a transporter.
 10801 | D:11     | Noticed barkas's ghost (journeyman TrCA)
 10802 | D:11     | Noticed a deep elf zephyrmancer
 10803 | D:11     | Noticed a boulder beetle
 10833 | D:11     | Gained mutation: Your touch may irresistibly damage your
                  | foes and sap their willpower. [demonic ancestry]
 10833 | D:11     | Reached XP level 12. HP: 79/94 MP: 18/18
 10891 | D:11     | Noticed a two-headed ogre
 10898 | D:11     | Killed a two-headed ogre
 10899 | D:11     | Reached skill level 11 in Polearms
 10905 | D:11     | Noticed a two-headed ogre
 10914 | D:11     | Killed a two-headed ogre
 11467 | D:11     | Found Roar's Distillery.
 11475 | D:11     | Bought a potion of heal wounds for 75 gold pieces
 11475 | D:11     | Bought 2 potions of heal wounds for 150 gold pieces
 12219 | Lair:1   | Entered Level 1 of the Lair of Beasts
 12264 | Lair:1   | Reached skill level 10 in Invocations
 12410 | Lair:1   | Noticed a death yak
 12411 | Lair:1   | Noticed a death yak
 12411 | Lair:1   | Noticed a death yak
 12419 | Lair:1   | Killed a death yak
 12422 | Lair:1   | Killed a death yak
 12425 | Lair:1   | Killed a death yak
 12524 | Lair:1   | Reached skill level 12 in Polearms
 13680 | Lair:2   | Noticed a catoblepas
 13698 | Lair:2   | Killed a catoblepas
 13699 | Lair:2   | Gained mutation: Your magical and physical power is
                  | slightly enhanced at high health. [demonic ancestry]
 13699 | Lair:2   | Reached XP level 13. HP: 74/101 MP: 21/21
 15011 | Lair:3   | Found a staircase to the Swamp.
 15260 | Lair:3   | Found a blossoming altar of Fedhas.
 15549 | Lair:3   | Found a hole to the Spider Nest.
 15851 | Lair:4   | Reached skill level 10 in Fighting
 15928 | Lair:4   | Reached skill level 13 in Polearms
 17092 | Lair:5   | Entered Level 5 of the Lair of Beasts
 17284 | Lair:5   | Identified a scroll of acquirement
 17307 | Lair:5   | Acquired a +0 demon trident of venom
 17470 | Lair:5   | Gained mutation: Your magical and physical power is
                  | enhanced at high health. [demonic ancestry]
 17470 | Lair:5   | Reached XP level 14. HP: 34/111 MP: 23/23
 17484 | Lair:5   | HP: 3/111 [drowned by a drowned soul[a merfolk avatar]
                  | (11)]
 17486 | Lair:5   | Slain by a skyshark

Illustrated notes

Levels and vault maps discovered:
D:1:      amcnicky_arrival_gap_in_the_tavern_cellar, layout_basic, serial_shops,
          shop, ebering_ecumenical_altar_box, st_stairs_13
D:2:      layout_loops_ring
D:3:      layout_loops_corners, kennysheep_orc_chapel, uniq_jessica,
          uniq_natasha, uniq_robin, uniq_ijyb
D:4:      layout_cave_pools
D:5:      nicolae_cairo_tiling_large_dashed, layout_basic,
          makhleb_altar_promises_db, uniq_grinder
D:6:      layout_cave_pools, cheibrodos_ashenzari_chains,
          minmay_temple_entry_offerings
D:7:      minmay_the_grid_octo_triangle [minmay_the_grid_octo_clover_2,
          minmay_the_grid_octo_prize_star,
          minmay_the_grid_octo_vomiting_pacman], layout_rooms,
          mainiacjoe_overflow_surrounded_room, nicolae_overflow_crystal_walls,
          general_overflow_altar, nicolae_shop_self_help, uniq_duvessa
D:8:      layout_loops_ring, mainiacjoe_overflow_alcove_1, minmay_puff
D:9:      layout_stronghold, okawaru_gym_becter, minmay_orc_entry_temple_small,
          serial_shops, nicolae_shop_behind_doors, uniq_maggie
D:10:     layout_basic, led_xom_imps, nicolae_dithmenos_the_darkroom,
          dpeg_lair_monsters, chequers_serial_rivers_micro_a,
          grunt_ministairs_10
D:11:     minmay_inner_zag, layout_basic, gammafunk_ghost_arena, serial_shops,
          shop, minmay_starry_boxes
Temple:   cyrus_circular_temple
Lair:1:   layout_hall_layers, beast_lair_carwin_11, infiniplex_staircase_pool_2,
          serial_bayou_shore_a
Lair:2:   dreamdust_cave_troll, layout_gridlike, lemuel_fruit_fields
Lair:3:   layout_cave_shapes, nicolae_swamp_entry_splash_gauntlet,
          spider_nest_entry_funnel_web, basic_altar, gammafunk_lair_bear_cave,
          lemuel_fruit_tree
Lair:4:   layout_regular_city, grunt_megastairs_1
Lair:5:   gammafunk_lair_ancient_temple, layout_regular_city,
          minmay_slime_entry_oklob_enclosed, gauntlet_entry_generic

Skill      XL: |  1  2  3  4  5  6  7  8  9 10 11 12 13 |
---------------+----------------------------------------+-----
Throwing       | 2 3 4 |  4.0
Polearms       | 3 4 5 6 8 9 10 12 13 | 13.5
Armour         | 1 2 3 4 5 6 7 8 9 |  9.2
Dodging        | 3 4 5 6 7 8 9 |  9.9
Fighting       | 3 4 5 6 7 8 9 10 | 10.5
Invocations    | 3 5 7 9 10 12 | 12.2

Action                     |  1- 3 |  4- 6 |  7- 9 | 10-12 | 13-15 || total
---------------------------+-------+-------+-------+-------+-------++-------
  Melee: Trident           |    68 |   167 |   205 |   589 |   317 ||  1346
         Touch             |     6 |    22 |    37 |   101 |    73 ||   239
         Punch             |     1 |     1 |     2 |     9 |     6 ||    19
         Short sword       |       |       |       |    20 |       ||    20
         Demon trident     |       |       |       |       |    37 ||    37
 Invoke: Recall Undead Har |       |       |       |    10 |       ||    10
         Dark Bargain      |       |       |       |     1 |       ||     1
         Bind Soul         |       |       |       |     1 |       ||     1
  Evoke: Wand              |       |       |       |       |     1 ||     1
    Use: Potion            |       |     4 |     1 |     2 |     5 ||    12
         Scroll            |       |    10 |     2 |     4 |    10 ||    26
   Stab: Sleeping          |     1 |       |       |       |       ||     1
         Distracted        |       |       |     1 |    10 |     5 ||    16
 Armour: Leather armour    |     7 |       |       |       |       ||     7
         Ring mail         |    11 |    69 |    63 |   129 |   108 ||   380
  Dodge: Dodged            |    24 |    91 |   186 |   428 |   307 ||  1036

Table legend: (Time is in decaauts)
 A = Elapsed time spent in this place.
 B = Non-inter-level travel time spent in this place.
 C = Inter-level travel time spent in this place.
 D = Time resting spent in this place.
 E = Time spent auto-exploring this place.
 F = Levels seen in this place.
 G = Mean time per level.
                   A        B        C        D        E       F      G
               +--------+--------+--------+--------+--------+-----+--------+
         Total |  17292 |  16844 |    448 |   2649 |  11454 |  17 | 1017.2 |
       Dungeon |  12080 |  11682 |    398 |   1854 |   7844 |  11 | 1098.2 |
        Temple |     66 |     57 |      9 |      0 |     39 |   1 |   66.0 |
          Lair |   5145 |   5105 |     40 |    795 |   3571 |   5 | 1029.0 |
               +--------+--------+--------+--------+--------+-----+--------+

Top non-repeatable levels by time:
    D:11: 1733 daAuts
    D:10: 1437 daAuts
  Lair:1: 1369 daAuts
     D:3: 1290 daAuts
     D:7: 1265 daAuts
  Lair:4: 1220 daAuts
     D:9: 1169 daAuts
     D:8: 1169 daAuts
  Lair:2: 1105 daAuts
  Lair:3: 1067 daAuts
     D:1: 962 daAuts
     D:5: 848 daAuts
     D:2: 819 daAuts
     D:6: 776 daAuts
     D:4: 608 daAuts
